 Dungeon Crawl Stone Soup version 0.25.1-2-g60ff931df9 (webtiles) character file.

Game seed: 6524487051538655731

29 Borneo the Grave Robber (level 3, 0/19 HPs)
             Began as a Vampire Necromancer on Oct 28, 2020.
             Slain by an adder (4 damage)
             ... on level 2 of the Dungeon.
             The game lasted 00:03:43 (1157 turns).

Borneo the Grave Robber (Vampire Necromancer)       Turns: 1157, Time: 00:03:44

Health: 0/19       AC:  2    Str:  7    XL:     3   Next: 1%
Magic:  0/6        EV: 12    Int: 18    God:
Gold:   1          SH:  0    Dex: 14    Spells: 5/6 levels left

rFire    . . .     SeeInvis +   (no weapon)
rCold    + + .     Gourm    .   (no shield)
rNeg     + + +     Faith    .   a - +0 robe
rPois    ∞         Spirit   .   (no helmet)
rElec    .         Reflect  .   (no cloak)
rCorr    .         Harm     .   (no gloves)
MR       .....                  (no boots)
Stlth    ++++......             (no amulet)
HPRegen  0.00/turn              (no ring)
MPRegen  0.10/turn              (no ring)

@: very slightly contaminated, bloodless
A: no food, fangs 3, see invisible, unbreathing
a: Bat Form, Revivify


You were on level 2 of the Dungeon.
You were bloodless.

You visited 1 branch of the dungeon, and saw 2 of its levels.

You collected 1 gold pieces.

Inventory:

Armour
 a - a +0 robe (worn)
Scrolls
 b - a scroll of amnesia {unknown}
 d - a scroll of remove curse {unknown}
 e - a scroll of immolation {unknown}
 g - 3 scrolls of teleportation {unknown}
Potions
 c - a potion of stabbing {unknown}
 f - a potion of invisibility {unknown}
 h - a potion of curing {unknown}
 i - a potion of lignification {unknown}


   Skills:
 + Level 2.2 Dodging
 + Level 3.1 Stealth
 + Level 0.1 Unarmed Combat
 + Level 2.3 Spellcasting
 + Level 5.1 Necromancy


You had 5 spell levels left.
You knew the following spells:

 Your Spells              Type           Power        Failure   Level  Hunger
a - Pain                  Necr           ###.         2%          1    N/A

Your spell library contained the following spells:

 Spells                   Type           Power        Failure   Level  Hunger
 Animate Skeleton         Necr           N/A          2%          1    N/A
 Vampiric Draining        Necr           ###.......   6%          3    N/A
 Animate Dead             Necr           N/A          22%         4    N/A
 Agony                    Necr           ###.....     52%         5    N/A

Dungeon Overview and Level Annotations

Branches:
Dungeon (2/15)

Altars:


Innate Abilities, Weirdness & Mutations

You do not eat.
You do not regenerate when monsters are visible.
You are frail without blood (-20% HP).
You can heal yourself when you bite living creatures.
You are immune to poison.
You have razor-sharp teeth.
You have supernaturally acute eyesight. (SInv)
You can survive without breathing.


Message History

* * * LOW HITPOINT WARNING * * *
The adder closely misses you. The adder barely misses you.
Found a scroll labeled FESCHE KITEG.
You barely miss the adder.
The adder is moderately wounded.
The adder barely misses you.
You hit the adder but do no damage.
The adder is moderately wounded.
The adder barely misses you.
You closely miss the adder.
The adder is moderately wounded.
The adder closely misses you.
Casting: Pain (safe; 2% risk of failure)
Confirm with . or Enter, or press ? or * to list all spells.
Aiming: Pain (safe; 2% risk of failure)
Press: ? - help, Shift-Dir - straight line, f/p - adder
Aim: an adder (moderately wounded, chance to defeat MR: 85%)
The adder barely resists.
The adder bites you.
You die...

..? #... ...# #..#
#..#### #.....
.#######(.#
.......@S.#
.#######..########..
#...........#
#..########## #.<#
#..# #..# #..# #..#


You could see an adder.

Vanquished Creatures
  A leopard gecko (D:1)
  3 bats (D:1)
  5 goblins
  6 hobgoblins (D:1)
  3 kobolds (D:1)
  2 frilled lizards (D:1)
  6 rats (D:1)
26 creatures vanquished.

Notes
Turn   | Place    | Note
-------+----------+-------------------------------------------
     0 | D:1      | Borneo the Vampire Necromancer began the quest for the Orb.
     0 | D:1      | Reached XP level 1. HP: 13/13 MP: 3/3
   246 | D:1      | Reached XP level 2. HP: 15/15 MP: 0/5
   525 | D:1      | Reached skill level 5 in Necromancy
  1142 | D:2      | Reached XP level 3. HP: 19/19 MP: 0/6
  1157 | D:2      | Slain by an adder

Illustrated notes

Levels and vault maps discovered:
D:1:      lightli_arrival_quake, layout_rooms, minmay_misc_feat_x,
          hangedman_abyss_or_decor_lesser_grid
D:2:      layout_loops_ring, lemuel_round_altar, gammafunk_temple_overflow_wave,
          uniq_natasha

Skill      XL: |  1  2 |
---------------+-------+-----
Necromancy     | 5 |  5.1
Dodging        | |  2.2
Stealth        | |  3.1
Unarmed Combat | |  0.1
Spellcasting   | |  2.3

Action                   || total
-------------------------++-------
Melee: Unarmed           ||    19
       Bite              ||     1
 Cast: Pain              ||    48
 Abil: Exsanguinate      ||     1
Armor: Robe              ||     7
Dodge: Dodged            ||    21
